cohdb
Replays
Latest Replays
All Replays
Popular Replays
Top Player Replays
Match Explorer
How It Works
Community
CoH3 Stats
Reddit
Sign in to upload your games and track your stats! →
Sign in with Steam
Match 44284869
Unlisted
Match 44284869
Overview
Messages
Build Orders
End
Construct Barracks
Scout Squad
Selects Advanced Infantry Battlegroup
Riflemen Squad
Riflemen Squad
Riflemen Squad
Selects Convert to Ranger Squad
Convert to Ranger Squad
Construct Medical Station
Engineer Squad
Infantry Support Center
Construct Motor Pool
RKnightxX
咚咚锵个腿
0
0
Comments
sign in to comment!
No comments posted yet!